 Dungeon Crawl Stone Soup version 0.26-a0-1184-g95e395e029 (webtiles) character file.

Game seed: 3777341230291267286

1547 Arthanis the Arsonist (level 8, -8/41 HPs)
             Began as a Deep Elf Fire Elementalist on Dec 27, 2020.
             Killed by nerve-wracking pain
             ... invoked by an orc priest
              (14 damage)
             ... on level 6 of the Dungeon.
             The game lasted 00:07:37 (5201 turns).

Arthanis the Arsonist (Deep Elf Fire Elementalist)  Turns: 5201, Time: 00:07:38

Health: -8/41      AC:  7    Str:  5    XL:     8   Next: 57%
Magic:  10/21      EV: 13    Int: 23    God:
Gold:   237        SH:  5    Dex: 15    Spells: 9/22 levels left

rFire    . . .     SeeInvis .   l - +4 dagger
rCold    . . .     Faith    .   (no shield)
rNeg     . . .     Spirit   .   a - +0 robe
rPois    .         Reflect  +   p - +0 helmet
rElec    .         Harm     .   n - +2 cloak
rCorr    .         Rampage  .   c - +0 pair of gloves
Will     .....                  (no boots)
Stlth    ++........             o - amulet of reflection
HPRegen  0.13/turn              (no ring)
MPRegen  0.17/turn              (no ring)

@: no status effects
A: no striking features
a: no special abilities


You were on level 6 of the Dungeon.
You visited 1 branch of the dungeon, and saw 6 of its levels.

You collected 237 gold pieces.

Inventory:

Hand Weapons
 d - a +0 dagger
 l - a +4 dagger (weapon)
Armour
 a - a +0 robe (worn)
 c - a +0 pair of gloves (worn)
 n - a +2 cloak (worn)
 p - a +0 helmet (worn)
Jewellery
 o - an amulet of reflection (around neck)
Wands
 i - a wand of flame (18)
 q - a wand of acid (11)
 r - a wand of enslavement (11)
 y - a wand of paralysis (6)
 A - a wand of polymorph (2)
Scrolls
 f - 7 scrolls of remove curse {unknown}
 h - 7 scrolls of identify {unknown}
 m - 2 scrolls of fear {unknown}
 s - 3 scrolls of teleportation {unknown}
 t - 6 scrolls of fog {unknown}
 v - a scroll of immolation {unknown}
 x - 2 scrolls of amnesia {unknown}
 B - a scroll of blinking {unknown}
Potions
 b - 3 potions of brilliance {unknown}
 e - a potion of heal wounds {unknown}
 g - 2 potions of curing
 j - 2 potions of ambrosia
 k - a potion of degeneration {unknown}
 u - a potion of resistance {unknown}
 w - a potion of magic {unknown}
 z - a potion of invisibility {unknown}
 C - a potion of cancellation {unknown}


   Skills:
 - Level 2.4 Dodging
 - Level 2.4 Stealth
 + Level 7.6 Spellcasting
 + Level 5.8 Conjurations
 * Level 9.0 Fire Magic


You had 9 spell levels left.
You knew the following spells:

 Your Spells              Type           Power        Failure   Level
a - Foxfire               Conj/Fire      100%         1%          1
b - Conjure Flame         Conj/Fire      43%          1%          3
c - Sticky Flame          Conj/Fire      43%          3%          4
d - Fireball              Conj/Fire      21%          10%         5

Your spell library contained the following spells:

 Spells                   Type           Power        Failure   Level
 Inner Flame              Hex/Fire       29%          3%          3


Dungeon Overview and Level Annotations

Branches:
Dungeon (6/15)
 Temple: D:4-7

Altars:
Qazlal

Annotations:
D:4 3 runed translucent doors, Dracia's ghost, novice DsGl


Message History

* * * LOW HITPOINT WARNING * * *
The orc priest calls down the wrath of Beogh upon you.
Something writhes in agony!
Reactivating autopickup.
You feel a bit more experienced.
Your Fire Magic skill increases to level 9!
Casting: Foxfire (safe; 1% risk of failure)
Confirm with . or Enter, or press ? or * to list all spells.
You conjure some foxfire!
The foxfire hits the orc priest but does no damage.
Your foxfire dissipates!
The foxfire hits the orc priest but does no damage.
The foxfire hits the orc priest.
The orc priest is moderately wounded.
Casting: Foxfire (safe; 1% risk of failure)
Confirm with . or Enter, or press ? or * to list all spells.
You conjure some foxfire!
The orc priest invokes the aid of Beogh against you.
Pain shoots through your body!
You die...

.. ### ##(########### #..
##...#.)......########## #.#
##.......##..§..v.......# #.#
#.........).o..@v...###.###.####
##........#.##.##.#.............
..........#.##.##.#####.†##.##..
.. #)##.# #.##.#####..##<##..
#.#.##<..###..##........##†##..
#.≈≈≈≈.≈≈≈≈.##########.###.....
#.≈##≈o≈##≈.# #.# ####.. # ##o##
≈.# ########.#### #..


.oo ...............# #.. You could see an orc priest.

Vanquished Creatures
  Prince Ribbit (D:5)
  Eustachio (D:5)
  2 ice beasts (D:5)
  2 ogres
  A necrophage (D:6)
  A centaur (D:6)
  A scorpion (D:5)
  2 hounds (D:5)
  2 orc wizards (D:4)
  3 bullfrog skeletons
  A centaur skeleton (D:4)
  Jessica (D:2)
  2 iguanas
  4 worker ants
  Ijyb (D:5)
  8 adders
  A white imp (D:6)
  An ufetubus (D:6)
  2 oozes
  3 worms
  2 leopard geckos
  9 orcs
  5 giant cockroaches
  12 goblins
  7 hobgoblins
  2 jackals (D:5)
  6 kobolds
  2 quokkas
  2 ball pythons (D:2)
  7 bats
  5 frilled lizards
  2 leopard gecko zombies (D:5)
  4 rats
105 creatures vanquished.

Vanquished Creatures (collateral kills)
  2 foxfires (D:2)
2 creatures vanquished.

Vanquished Creatures (others)
  An orc warrior (D:6)
  506 foxfires
507 creatures vanquished.

Grand Total: 614 creatures vanquished

Notes
Turn   | Place    | Note
-------+----------+-------------------------------------------
     0 | D:1      | Arthanis the Deep Elf Fire Elementalist began the quest for
                  | the Orb.
     0 | D:1      | Reached XP level 1. HP: 10/10 MP: 6/6
   316 | D:1      | Reached XP level 2. HP: 15/15 MP: 5/8
   968 | D:1      | You fall into a shaft and drop 1 floor!
   997 | D:2      | Reached skill level 4 in Fire Magic
  1105 | D:2      | Noticed Jessica
  1109 | D:2      | Killed Jessica
  1110 | D:2      | Reached XP level 3. HP: 19/19 MP: 6/10
  1157 | D:2      | Found a stormy altar of Qazlal.
  1301 | D:2      | Reached XP level 4. HP: 24/24 MP: 3/11
  1345 | D:2      | Learned a level 3 spell: Conjure Flame
  1350 | D:2      | Learned a level 4 spell: Sticky Flame
  2506 | D:3      | Reached skill level 5 in Fire Magic
  2624 | D:4      | Reached XP level 5. HP: 14/28 MP: 3/13
  2633 | D:4      | Learned a level 5 spell: Fireball
  2847 | D:4      | Found a runed translucent gate.
  2849 | D:4      | Found a runed translucent gate.
  2852 | D:4      | Found a runed translucent gate.
  2955 | D:4      | Reached skill level 5 in Spellcasting
  2955 | D:4      | Reached XP level 6. HP: 32/32 MP: 9/15
  3058 | D:4      | Reached skill level 6 in Fire Magic
  3614 | D:4      | Noticed Dracia's ghost (novice DsGl)
  3677 | D:5      | Entered Level 5 of the Dungeon
  3754 | D:5      | Reached XP level 7. HP: 36/36 MP: 12/17
  3976 | D:5      | Reached skill level 7 in Fire Magic
  4117 | D:5      | Noticed Eustachio
  4129 | D:5      | Killed Eustachio
  4200 | D:5      | Noticed Prince Ribbit
  4207 | D:5      | Killed Prince Ribbit
  4208 | D:5      | Reached skill level 5 in Conjurations
  4208 | D:5      | Reached skill level 8 in Fire Magic
  4208 | D:5      | Reached XP level 8. HP: 41/41 MP: 12/20
  4445 | D:5      | Noticed Ijyb
  4458 | D:5      | Killed Ijyb
  5199 | D:6      | Reached skill level 9 in Fire Magic
  5201 | D:6      | Killed from afar by an orc priest

Illustrated notes

Levels and vault maps discovered:
D:1:      matt_arrival_spirals, layout_basic
D:2:      layout_rooms, minmay_hedge_maze, nicolae_qazlal_eye_of_the_storm,
          uniq_jessica
D:3:      layout_basic, minivault_11
D:4:      layout_cave_pools, ebering_ghost_rock_garden
D:5:      layout_loops_ring, uniq_ijyb, uniq_eustachio, uniq_prince_ribbit1
D:6:      layout_loops_ring, minmay_temple_entry_large_hall, lightli_minifort

Skill      XL: |  1  2  3  4  5  6  7  8 |
---------------+-------------------------+-----
Fire Magic     | 4 5 6 8 9 |  9.0
Conjurations   | 2 3 4 5 |  5.8
Spellcasting   | 4 5 6 7 |  7.6
Dodging        | |  2.4
Stealth        | |  2.4

Action                   |  1- 3 |  4- 6 |  7- 9 || total
-------------------------+-------+-------+-------++-------
Melee: Unarmed           |     2 |       |       ||     2
       Dagger            |     1 |     4 |     1 ||     6
 Cast: Foxfire           |    71 |   137 |   113 ||   321
       Sticky Flame      |       |       |     5 ||     5
  Use: Potion            |       |       |     2 ||     2
Armor: Robe              |     4 |     5 |     7 ||    16
Dodge: Dodged            |     6 |     5 |    12 ||    23
Block: Other             |       |     2 |     1 ||     3

Table legend: (Time is in decaauts)
 A = Elapsed time spent in this place.
 B = Non-inter-level travel time spent in this place.
 C = Inter-level travel time spent in this place.
 D = Time resting spent in this place.
 E = Time spent auto-exploring this place.
 F = Levels seen in this place.
 G = Mean time per level.
                   A        B        C        D        E       F      G
               +--------+--------+--------+--------+--------+-----+--------+
         Total |   5200 |   5059 |    141 |      8 |   4370 |   6 |  866.7 |
       Dungeon |   5200 |   5059 |    141 |      8 |   4370 |   6 |  866.7 |
               +--------+--------+--------+--------+--------+-----+--------+

Top non-repeatable levels by time:
     D:5: 1187 daAuts
     D:1: 1077 daAuts
     D:4: 1063 daAuts
     D:2: 823 daAuts
     D:3: 711 daAuts
     D:6: 337 daAuts
